 Dungeon Crawl Stone Soup version 0.30-a0-782-ge64f9170bb (webtiles) character file.

Game seed: 5814149627254794452

4 Jane the Grasshopper (level 1, 0/9 HPs)
             Began as a Felid Warper on Feb 23, 2023.
             Slain by a quokka (4 damage)
             ... on level 1 of the Dungeon.
             The game lasted 00:00:20 (35 turns).

Jane the Grasshopper (Felid Warper)                   Turns: 35, Time: 00:00:21

Health: 0/9        AC:  1    Str:  7    XL:     1   Next: 50%
Magic:  4/4        EV: 17    Int: 14    God:
Gold:   6          SH:  0    Dex: 15    Spells: 4/4 levels left
                                        Lives:  0   Deaths: 0

rFire   . . .      SeeInvis +      - Unarmed
rCold   . . .      Faith    .    (shield unavailable)
rNeg    . . .      Spirit   .    (body armour unavailable)
rPois   .          Reflect  .    (helmet unavailable)
rElec   .          Harm     .    (cloak unavailable)
rCorr   .          Rampage  .    (gloves unavailable)
Will    .....                    (boots unavailable)
Stlth   +                        (no amulet)
HPRegen 0.21/turn                (no ring)
MPRegen 0.09/turn                (no ring)

@: quick
A: very small, claws 1, fangs 3, see invisible, speed 1, shaggy fur 1, stealthy
paws, no weapons or thrown items, no armour, multi-lived
a: no special abilities


You were on level 1 of the Dungeon.
You visited 1 branch of the dungeon, and saw 1 of its levels.

You collected 6 gold pieces.

Inventory:

Scrolls
 a - a scroll of blinking


   Skills:
 + Level 2.0 Fighting
 + Level 3.3 Dodging
 + Level 2.0 Unarmed Combat
 + Level 2.0 Spellcasting
 + Level 4.6 Translocations


You had 4 spell levels left.
You didn't know any spells.
Your spell library contained the following spells:

 Spells                   Type           Power      Damage    Failure   Level
 Blink                    Tloc           28%        N/A       5%          2
 Lesser Beckoning         Tloc           28%        N/A       5%          2
 Teleport Other           Tloc           14%        N/A       11%         3
 Vhi's Electric Charge    Tloc/Air       14%        N/A       28%         3
 Manifold Assault         Tloc           14%        N/A       34%         4


Dungeon Overview and Level Annotations

Branches:
Dungeon (1/15)

Altars:


Innate Abilities, Weirdness & Mutations

You have sharp claws.
You have razor-sharp teeth.
You have supernaturally acute eyesight. (SInv)
You cover ground quickly. (Speed+)
You are covered in fur. (AC +1)
Your paws help you pounce on unaware monsters.
You are incapable of wielding weapons or throwing items.
You cannot wear armour.
You gain extra lives every three experience levels.


Message History

You scratch the jackal.
The jackal is severely wounded.
The jackal misses you.
You scratch the jackal.
You kill the jackal!
Found a scroll labelled TUCVAE WAGYQ.
You now have 6 gold pieces.
A jackal comes into view.
The jackal barks!
The jackal closely misses you. The jackal bites you.
You closely miss the jackal.
A quokka comes into view.
The jackal closely misses you. x2
You completely miss the jackal. Your claw misses the jackal.
You bite the jackal, but do no damage. The jackal misses you.
The jackal closely misses you. The jackal completely misses you.
The jackal barely misses you.
You scratch the jackal.
The jackal is heavily wounded.
The jackal misses you. The jackal completely misses you.
You scratch the jackal but do no damage.
You claw the jackal.
The jackal is almost dead.
The jackal closely misses you. The jackal bites you.
The jackal completely misses you.
You scratch the jackal.
You kill the jackal!
The jackal barely misses you. The jackal bites you.
You barely miss the jackal. The jackal barely misses you.
The quokka closely misses you.
You closely miss the jackal. The jackal misses you. The quokka misses you.
The jackal closely misses you.
You closely miss the jackal. The quokka misses you. The jackal bites you.
The quokka misses you.
You scratch the jackal.
The jackal is heavily wounded.
The jackal misses you. The quokka bites you.
You die...

..? #.....#.#.##
.. ...
#..#...#...#.#
....#...#.#.....#
....#....#.....#
#...#...#.<.#
#..#...#.#...#
#...#...#...#...
#.h..#.#.#.#.. .
#.@r..#...## ..
#†...#.#.#.. ..
#...#...#.... .
#..#.....#....
#.#...........
##...........
######.### .. ##


You could see a quokka and a jackal.

Vanquished Creatures
  3 jackals (D:1)
3 creatures vanquished.

Notes
Turn   | Place    | Note
-------+----------+-------------------------------------------
     0 | D:1      | Jane the Felid Warper began the quest for the Orb.
     0 | D:1      | Reached XP level 1. HP: 9/9 MP: 4/4
    35 | D:1      | Slain by a quokka

Illustrated notes

Levels and vault maps discovered:
D:1:      matt_arrival_diagonals, layout_rooms, ebering_ecumenical_altar_webs,
          minmay_worlds_worst_comb

Action                     || total
---------------------------++-------
  Melee: Unarmed           ||    14
         Punch             ||     1
         Bite              ||     1
  Dodge: Dodged            ||    28

Table legend: (Time is in decaauts)
 A = Elapsed time spent in this place.
 B = Non-inter-level travel time spent in this place.
 C = Inter-level travel time spent in this place.
 D = Time resting spent in this place.
 E = Time spent auto-exploring this place.
 F = Levels seen in this place.
 G = Mean time per level.
                   A        B        C        D        E       F      G
               +--------+--------+--------+--------+--------+-----+--------+
         Total |     30 |     30 |      0 |      0 |      2 |   1 |   30.0 |
       Dungeon |     30 |     30 |      0 |      0 |      2 |   1 |   30.0 |
               +--------+--------+--------+--------+--------+-----+--------+

Top non-repeatable levels by time:
     D:1: 30 daAuts
